[ AOE2 MATCH · #484101329 ]
UnrankedBurgundians vs Mongols
[ REPLAY ANALYSIS · EXTRACTED FROM THE RECORDED GAME ]
Feudal
11:20
Castle
19:08
Imperial
37:34
| APM avg | 24.7 |
| APM peak | 55 |
| eAPM avg | 16.4 |
| Villagers / military | 138 / 541 |
Focus
⚔️ 38.1% · 🌾 61.9%
Scout Cavalry ×327 · Knight ×120 · Hand Cannoneer ×80 · Trebuchet (Packed) ×8 · Flemish Militia ×6
Feudal
10:56
Castle
20:54
Imperial
33:30
| APM avg | 48.8 |
| APM peak | 112 |
| eAPM avg | 20.4 |
| Villagers / military | 220 / 465 |
Focus
⚔️ 29.5% · 🌾 70.5%
Skirmisher ×165 · Spearman ×111 · Archer ×102 · Mangudai ×56 · Battering Ram ×14 · Monk ×6
Feudal
9:21
Castle
22:18
Imperial
36:50
| APM avg | 39.6 |
| APM peak | 97 |
| eAPM avg | 23.8 |
| Villagers / military | 290 / 1093 |
Focus
⚔️ 41.2% · 🌾 58.8%
Scout Cavalry ×754 · Knight ×263 · Trade Cart ×70 · Spearman ×60 · Mangonel ×9 · Throwing Axeman ×4
Feudal
11:08
Castle
16:22
Imperial
36:21
| APM avg | 18.0 |
| APM peak | 48 |
| eAPM avg | 14.1 |
| Villagers / military | 105 / 230 |
Focus
⚔️ 50.1% · 🌾 49.9%
Skirmisher ×173 · Unknown (2586) ×101 · Monk ×32 · Unknown (2562) ×18 · Petard ×16 · Trebuchet (Packed) ×8
Feudal
10:48
Castle
15:36
Imperial
33:48
| APM avg | 47.7 |
| APM peak | 101 |
| eAPM avg | 25.1 |
| Villagers / military | 176 / 923 |
Focus
⚔️ 41.9% · 🌾 58.1%
Spearman ×698 · Hand Cannoneer ×113 · Hussite Wagon ×105 · Trade Cart ×27 · Trebuchet (Packed) ×7
Feudal
10:59
Castle
19:51
Imperial
31:58
| APM avg | 44.7 |
| APM peak | 114 |
| eAPM avg | 15.0 |
| Villagers / military | 132 / 865 |
Focus
⚔️ 48.3% · 🌾 51.7%
Skirmisher ×434 · Scout Cavalry ×303 · Battering Ram ×58 · Cavalry Archer ×49 · Archer ×13 · Trebuchet (Packed) ×5
Feudal
10:34
Castle
18:00
Imperial
47:12
| APM avg | 40.3 |
| APM peak | 114 |
| eAPM avg | 22.8 |
| Villagers / military | 148 / 867 |
Focus
⚔️ 32.3% · 🌾 67.7%
Scout Cavalry ×329 · Skirmisher ×309 · Knight ×223 · Trade Cart ×5 · Archer ×3 · Monk ×2
Feudal
11:11
Castle
16:37
Imperial
38:45
| APM avg | 33.9 |
| APM peak | 100 |
| eAPM avg | 21.6 |
| Villagers / military | 231 / 777 |
Focus
⚔️ 36.6% · 🌾 63.4%
Spearman ×634 · Scout Cavalry ×96 · Konnik ×24 · Militia ×9 · Battering Ram ×9 · Knight ×3
Match map
Initial resources + every placement click. Lines = walls · curves = elevation contours. ◆ gold · ⬟ stone · ● berries · ✦ relic · ◌ wall gap
Your base· ✓ Closed at 19:08 · 21t walls · 1 gate(s)
Lil' Bị's base· ✓ Closed at 20:54 · 18t walls · no gate
rattan archer's base· ✓ Closed at 22:18 · 19t walls · 2 gate(s)
Shmug's base· ✓ Closed at 16:22 · 3t walls · 1 gate(s)
MorikawaKouichi's base· ✓ Closed at 15:36 · 9t walls · 1 gate(s)
逗你玩's base· ✓ Closed at 19:51 · 13t walls · 1 gate(s)
obamama's base· ✓ Closed at 18:00 · 14t walls · no gate
wang_03's base· ✓ Closed at 16:37 · 8t walls · 1 gate(s)
Smoothed initial terrain · ◌ = detected wall gap · hover for details
Inputs per minute
— Skeu - - Lil' Bị
Build order — Skeu
First 150 of 600 actions detected
| 0:01 | Create | Villager (Male) |
| 0:02 | Create | Villager (Male) |
| 0:03 | Build | House |
| 0:05 | Build | House |
| 0:26 | Create | Villager (Male) |
| 0:26 | Create | Villager (Male) |
| 1:29 | Create | Villager (Male) |
| 1:29 | Create | Villager (Male) |
| 1:45 | Build | Lumber Camp |
| 2:19 | Create | Villager (Male) |
| 2:20 | Create | Villager (Male) |
| 2:20 | Create | Villager (Male) |
| 2:58 | Create | Villager (Male) |
| 2:58 | Create | Villager (Male) |
| 3:18 | Create | Villager (Male) |
| 3:18 | Create | Villager (Male) |
| 3:32 | Build | House |
| 4:01 | Create | Villager (Male) |
| 4:01 | Create | Villager (Male) |
| 4:52 | Create | Villager (Male) |
| 4:53 | Create | Villager (Male) |
| 5:14 | Build | Palisade Wall |
| 5:21 | Create | Villager (Male) |
| 5:21 | Create | Villager (Male) |
| 5:22 | Create | Villager (Male) |
| 5:22 | Create | Villager (Male) |
| 5:33 | Build | Mill |
| 5:49 | Create | Villager (Male) |
| 6:20 | Create | Villager (Male) |
| 6:21 | Create | Villager (Male) |
| 6:28 | Build | House |
| 7:29 | Build | House |
| 7:30 | Build | Palisade Wall |
| 7:34 | Create | Villager (Male) |
| 7:46 | Build | Mining Camp |
| 7:54 | Create | Villager (Male) |
| 8:37 | Build | Palisade Gate |
| 8:41 | Create | Villager (Male) |
| 9:10 | Research | Feudal Age |
| 9:10 | Research | Feudal Age |
| 9:32 | Build | Barracks |
| 9:46 | Research | Double-Bit Axe |
| 9:47 | Research | Double-Bit Axe |
| 9:48 | Research | Horse Collar |
| 9:48 | Research | Horse Collar |
| 9:52 | Build | Farm |
| 9:56 | Build | Farm |
| 9:59 | Create | Villager (Male) |
| 10:24 | Build | House |
| 10:54 | Build | Farm |
| 10:58 | Build | Farm |
| 11:20 | Age | Feudal Age |
| 11:20 | Build | House |
| 11:34 | Build | Farm |
| 11:42 | Create | Villager (Male) |
| 11:47 | Create | Flemish Militia |
| 11:47 | Create | Flemish Militia |
| 12:03 | Create | Villager (Male) |
| 12:17 | Build | Stable |
| 12:20 | Create | Villager (Male) |
| 12:23 | Build | Farm |
| 12:26 | Build | Farm |
| 13:01 | Create | Villager (Male) |
| 13:05 | Build | Farm |
| 13:09 | Build | Farm |
| 13:11 | Build | Farm |
| 13:38 | Create | Villager (Male) |
| 14:07 | Create | Villager (Male) |
| 14:20 | Build | Blacksmith |
| 14:25 | Create | Flemish Militia |
| 14:26 | Create | Flemish Militia |
| 14:32 | Create | Villager (Male) |
| 14:53 | Build | Farm |
| 14:54 | Build | Farm |
| 14:55 | Build | Farm |
| 15:08 | Create | Villager (Male) |
| 15:28 | Create | Flemish Militia |
| 15:28 | Create | Flemish Militia |
| 15:40 | Create | Villager (Male) |
| 16:23 | Build | House |
| 16:25 | Build | House |
| 16:28 | Research | Castle Age |
| 16:29 | Research | Castle Age |
| 16:31 | Research | Heavy Plow |
| 16:33 | Research | Bow Saw |
| 16:34 | Research | Bow Saw |
| 17:00 | Build | House |
| 17:13 | Build | House |
| 17:37 | Research | Forging |
| 17:38 | Research | Scale Barding Armor |
| 18:17 | Build | Stable |
| 18:23 | Research | Gold Mining |
| 19:08 | Age | Castle Age |
| 19:11 | Build | Town Center |
| 19:12 | Research | Loom |
| 19:14 | Research | Wheelbarrow |
| 19:23 | Research | Cavalier (upgrade) |
| 19:26 | Research | Iron Casting |
| 19:27 | Research | Chain Barding Armor |
| 20:15 | Create | Villager (Male) |
| 20:15 | Create | Villager (Male) |
| 20:15 | Create | Villager (Male) |
| 20:15 | Create | Villager (Male) |
| 20:16 | Create | Villager (Male) |
| 20:16 | Create | Villager (Male) |
| 20:18 | Create | Villager (Male) |
| 20:19 | Create | Villager (Male) |
| 20:25 | Build | Farm |
| 20:36 | Create | Knight |
| 20:36 | Create | Knight |
| 21:27 | Create | Knight ×3 |
| 21:27 | Create | Knight ×3 |
| 21:29 | Build | House |
| 21:30 | Create | Villager (Male) |
| 21:30 | Create | Villager (Male) |
| 21:30 | Create | Villager (Male) |
| 21:35 | Build | Farm |
| 21:35 | Build | Farm |
| 21:36 | Build | Farm |
| 21:37 | Build | Farm |
| 21:41 | Build | Farm |
| 21:41 | Build | Farm |
| 21:42 | Build | Farm |
| 21:53 | Create | Knight |
| 21:53 | Create | Knight |
| 22:05 | Build | House |
| 22:08 | Build | Palisade Wall |
| 22:26 | Research | Hand Cart |
| 22:27 | Create | Villager (Male) |
| 22:27 | Create | Villager (Male) |
| 22:28 | Create | Villager (Male) |
| 22:28 | Create | Villager (Male) |
| 22:35 | Build | Mill |
| 22:36 | Build | Farm |
| 22:37 | Build | Farm |
| 22:41 | Build | Farm |
| 22:41 | Build | Farm |
| 22:52 | Create | Knight |
| 22:52 | Create | Knight |
| 22:52 | Create | Knight |
| 23:13 | Research | Husbandry |
| 23:13 | Research | Husbandry |
| 23:19 | Create | Villager (Male) |
| 23:20 | Create | Villager (Male) |
| 23:20 | Create | Villager (Male) |
| 23:33 | Build | Farm |
| 23:44 | Create | Villager (Male) |
| 23:44 | Create | Villager (Male) |
| 23:44 | Create | Villager (Male) |
| 23:45 | Create | Villager (Male) |
Build order — Lil' Bị
First 150 of 581 actions detected
| 0:00 | Create | Villager (Male) ×4 |
| 0:01 | Create | Villager (Male) ×4 |
| 0:02 | Build | House |
| 0:03 | Build | House |
| 1:31 | Create | Villager (Male) |
| 1:52 | Create | Villager (Male) |
| 1:53 | Create | Villager (Male) |
| 2:25 | Create | Villager (Male) |
| 2:37 | Create | Villager (Male) |
| 2:38 | Create | Villager (Male) |
| 2:38 | Create | Villager (Male) |
| 3:05 | Build | House |
| 3:17 | Create | Villager (Male) |
| 3:17 | Create | Villager (Male) |
| 3:28 | Build | House |
| 3:53 | Create | Villager (Male) |
| 4:16 | Create | Villager (Male) |
| 4:17 | Create | Villager (Male) |
| 5:04 | Build | Palisade Wall |
| 5:06 | Build | Palisade Wall |
| 5:14 | Create | Villager (Male) |
| 5:14 | Create | Villager (Male) |
| 5:53 | Build | Mining Camp |
| 6:02 | Build | Palisade Wall |
| 6:06 | Create | Villager (Male) |
| 6:06 | Create | Villager (Male) |
| 6:12 | Build | Lumber Camp |
| 6:27 | Create | Villager (Male) |
| 7:31 | Create | Villager (Male) |
| 7:33 | Create | Villager (Male) |
| 7:37 | Build | Mill |
| 8:01 | Create | Villager (Male) |
| 8:01 | Research | Feudal Age |
| 8:14 | Research | Feudal Age |
| 8:57 | Build | Farm |
| 8:58 | Build | Farm |
| 8:58 | Build | Farm |
| 8:58 | Build | Farm |
| 8:58 | Build | Farm |
| 8:58 | Build | Farm |
| 8:59 | Build | Farm |
| 9:22 | Build | Farm |
| 9:31 | Build | Farm |
| 10:11 | Build | House |
| 10:15 | Build | Palisade Wall |
| 10:52 | Create | Villager (Male) |
| 10:53 | Create | Villager (Male) |
| 10:56 | Age | Feudal Age |
| 11:04 | Build | Barracks |
| 11:09 | Research | Loom |
| 11:09 | Research | Double-Bit Axe |
| 11:23 | Create | Villager (Male) |
| 11:32 | Build | House |
| 11:49 | Create | Villager (Male) |
| 11:49 | Create | Villager (Male) |
| 12:35 | Build | Archery Range |
| 12:55 | Create | Villager (Male) |
| 13:05 | Create | Spearman |
| 13:34 | Create | Villager (Male) |
| 13:34 | Create | Villager (Male) |
| 13:34 | Create | Villager (Male) |
| 13:37 | Build | Farm |
| 13:37 | Build | Farm |
| 14:04 | Build | Farm |
| 14:23 | Build | House |
| 14:30 | Build | Farm |
| 14:32 | Create | Archer |
| 14:32 | Create | Archer |
| 15:01 | Build | Farm |
| 15:02 | Create | Villager (Male) |
| 15:04 | Create | Villager (Male) |
| 15:11 | Build | Blacksmith |
| 15:21 | Research | Gold Mining |
| 15:46 | Create | Archer |
| 15:49 | Create | Villager (Male) |
| 16:05 | Build | House |
| 16:09 | Build | Palisade Wall |
| 17:09 | Create | Villager (Male) |
| 17:09 | Create | Villager (Male) |
| 17:22 | Create | Archer |
| 17:32 | Create | Villager (Male) |
| 18:14 | Research | Castle Age |
| 18:52 | Create | Archer |
| 18:52 | Create | Archer |
| 19:28 | Create | Archer |
| 19:31 | Research | Fletching |
| 19:44 | Create | Villager (Male) |
| 19:45 | Create | Villager (Male) |
| 19:53 | Build | Farm |
| 19:57 | Build | Farm |
| 20:05 | Create | Archer |
| 20:51 | Build | Watch Tower |
| 20:54 | Age | Castle Age |
| 20:58 | Build | Monastery |
| 21:04 | Build | Palisade Wall |
| 21:06 | Build | Palisade Wall |
| 21:07 | Build | Palisade Wall |
| 21:11 | Create | Archer |
| 21:11 | Create | Archer |
| 21:20 | Build | House |
| 21:22 | Build | House |
| 21:32 | Create | Villager (Male) |
| 21:33 | Create | Villager (Male) |
| 21:35 | Build | Farm |
| 21:35 | Build | Farm |
| 21:36 | Build | Farm |
| 21:40 | Create | Villager (Male) |
| 21:41 | Create | Villager (Male) |
| 21:42 | Research | Gold Shaft Mining |
| 21:47 | Create | Monk |
| 22:23 | Build | Siege Workshop |
| 22:36 | Build | Town Center |
| 22:49 | Create | Villager (Male) |
| 22:49 | Create | Villager (Male) |
| 22:50 | Create | Villager (Male) |
| 22:51 | Create | Villager (Male) |
| 22:51 | Create | Villager (Male) |
| 22:52 | Create | Villager (Male) |
| 23:07 | Create | Monk |
| 23:47 | Create | Mangonel |
| 23:56 | Research | Thumb Ring |
| 24:02 | Create | Archer |
| 24:02 | Create | Archer |
| 24:12 | Create | Villager (Male) |
| 24:12 | Create | Villager (Male) |
| 24:12 | Create | Villager (Male) |
| 24:43 | Research | Crossbowman (upgrade) |
| 25:03 | Create | Villager (Male) |
| 25:03 | Create | Villager (Male) |
| 25:03 | Create | Villager (Male) |
| 25:03 | Create | Villager (Male) |
| 25:04 | Create | Villager (Male) |
| 25:04 | Create | Villager (Male) |
| 25:04 | Create | Villager (Male) |
| 25:04 | Create | Villager (Male) |
| 25:05 | Create | Villager (Male) |
| 25:05 | Create | Villager (Male) |
| 25:05 | Create | Villager (Male) |
| 25:05 | Create | Villager (Male) |
| 25:06 | Create | Villager (Male) |
| 25:06 | Create | Villager (Male) |
| 25:08 | Build | Farm |
| 25:08 | Build | Farm |
| 25:16 | Create | Mangonel |
| 25:38 | Build | House |
| 25:49 | Research | Wheelbarrow |
| 25:51 | Research | Bow Saw |
| 25:56 | Create | Archer |
| 25:56 | Create | Archer |
| 26:04 | Build | House |
Build order — rattan archer
First 150 of 961 actions detected
| 0:00 | Create | Villager (Male) |
| 0:00 | Create | Villager (Male) |
| 0:01 | Create | Villager (Male) |
| 0:01 | Create | Villager (Male) |
| 0:02 | Build | House |
| 0:05 | Build | House |
| 1:25 | Create | Villager (Male) |
| 1:56 | Build | Lumber Camp |
| 2:02 | Create | Villager (Male) |
| 2:02 | Create | Villager (Male) |
| 2:22 | Create | Villager (Male) |
| 2:22 | Create | Villager (Male) |
| 2:36 | Create | Villager (Male) |
| 2:37 | Create | Villager (Male) |
| 2:51 | Build | House |
| 3:21 | Create | Villager (Male) |
| 3:21 | Create | Villager (Male) |
| 3:21 | Create | Villager (Male) |
| 3:29 | Build | House |
| 3:34 | Build | Palisade Wall |
| 4:02 | Research | Loom |
| 4:08 | Create | Villager (Male) |
| 4:35 | Create | Villager (Male) |
| 4:35 | Create | Villager (Male) |
| 4:42 | Build | Palisade Gate |
| 4:46 | Build | House |
| 4:57 | Create | Villager (Male) |
| 5:12 | Create | Villager (Male) |
| 5:12 | Create | Villager (Male) |
| 5:29 | Create | Villager (Male) |
| 5:35 | Create | Villager (Male) |
| 5:35 | Create | Villager (Male) |
| 5:47 | Build | Mill |
| 5:49 | Create | Villager (Male) |
| 5:54 | Research | Loom |
| 6:08 | Create | Villager (Male) |
| 6:08 | Create | Villager (Male) |
| 6:35 | Create | Villager (Male) |
| 7:11 | Research | Feudal Age |
| 8:10 | Build | Barracks |
| 8:15 | Create | Villager (Male) |
| 8:16 | Create | Villager (Male) |
| 9:02 | Create | Villager (Male) |
| 9:21 | Age | Feudal Age |
| 9:34 | Build | Stable |
| 9:44 | Research | Double-Bit Axe |
| 9:46 | Create | Villager (Male) |
| 10:12 | Create | Villager (Male) |
| 10:27 | Research | Wheelbarrow |
| 10:29 | Create | Scout Cavalry |
| 10:30 | Create | Scout Cavalry |
| 10:42 | Build | Farm |
| 10:45 | Build | Farm |
| 10:46 | Build | Farm |
| 11:03 | Create | Scout Cavalry |
| 11:11 | Build | Farm |
| 11:17 | Build | Farm |
| 11:34 | Create | Villager (Male) |
| 11:34 | Create | Villager (Male) |
| 11:45 | Build | House |
| 11:47 | Build | House |
| 11:48 | Build | House |
| 12:01 | Create | Villager (Male) |
| 12:09 | Create | Scout Cavalry |
| 12:10 | Create | Scout Cavalry |
| 12:35 | Build | Farm |
| 12:39 | Build | Farm |
| 12:39 | Build | Farm |
| 12:40 | Build | Farm |
| 12:50 | Create | Villager (Male) |
| 12:55 | Create | Scout Cavalry |
| 13:11 | Create | Villager (Male) |
| 13:15 | Build | Farm |
| 13:37 | Build | Archery Range |
| 13:46 | Create | Villager (Male) |
| 13:54 | Build | House |
| 13:55 | Build | House |
| 13:56 | Build | House |
| 14:03 | Create | Villager (Male) |
| 14:04 | Create | Scout Cavalry |
| 14:18 | Create | Scout Cavalry |
| 14:18 | Create | Scout Cavalry |
| 14:34 | Create | Villager (Male) |
| 14:42 | Create | Villager (Male) |
| 14:45 | Build | Farm |
| 14:45 | Build | Farm |
| 14:46 | Build | Farm |
| 14:47 | Create | Archer |
| 15:12 | Build | Mining Camp |
| 15:35 | Create | Villager (Male) |
| 15:36 | Create | Villager (Male) |
| 15:37 | Create | Scout Cavalry |
| 15:37 | Create | Scout Cavalry |
| 15:37 | Create | Scout Cavalry |
| 16:18 | Create | Villager (Male) |
| 16:20 | Research | Town Watch |
| 16:33 | Create | Villager (Male) |
| 16:37 | Build | Farm |
| 16:37 | Build | Farm |
| 16:38 | Build | Farm |
| 16:38 | Build | Farm |
| 16:38 | Build | Farm |
| 16:42 | Build | Farm |
| 16:45 | Create | Scout Cavalry |
| 17:12 | Build | Blacksmith |
| 17:15 | Create | Villager (Male) |
| 17:44 | Create | Villager (Male) |
| 17:50 | Research | Gold Mining |
| 17:56 | Build | Farm |
| 17:56 | Build | Farm |
| 18:48 | Create | Villager (Male) |
| 18:49 | Create | Villager (Male) |
| 19:16 | Build | Market |
| 19:18 | Research | Castle Age |
| 19:29 | Create | Villager (Male) |
| 19:34 | Build | House |
| 19:35 | Build | House |
| 19:35 | Build | House |
| 19:36 | Build | House |
| 19:38 | Build | House |
| 19:39 | Build | House |
| 19:42 | Build | Farm |
| 19:44 | Research | Stone Mining |
| 20:07 | Research | Scale Barding Armor |
| 20:14 | Create | Villager (Male) |
| 20:36 | Build | Mining Camp |
| 20:44 | Build | Farm |
| 20:44 | Build | Farm |
| 20:44 | Build | Farm |
| 20:55 | Create | Scout Cavalry |
| 20:55 | Create | Scout Cavalry |
| 21:22 | Build | Stone Wall |
| 21:29 | Build | Gate |
| 21:48 | Create | Villager (Male) |
| 21:52 | Research | Forging |
| 22:18 | Age | Castle Age |
| 22:21 | Research | Husbandry |
| 22:21 | Create | Knight ×3 |
| 22:21 | Create | Knight ×3 |
| 22:31 | Create | Villager (Male) |
| 22:33 | Research | Hand Cart |
| 22:53 | Create | Villager (Male) |
| 23:03 | Build | Town Center |
| 23:04 | Create | Villager (Male) |
| 23:06 | Research | Hand Cart |
| 23:29 | Create | Villager (Male) |
| 23:43 | Create | Villager (Male) |
| 23:44 | Create | Villager (Male) |
| 23:45 | Research | Town Patrol |
| 23:50 | Research | Bow Saw |
Build order — Shmug
First 150 of 600 actions detected
| 0:01 | Create | Villager (Male) |
| 0:01 | Create | Villager (Male) |
| 0:02 | Create | Villager (Male) |
| 0:02 | Create | Villager (Male) |
| 0:04 | Build | House |
| 0:05 | Build | House |
| 1:36 | Create | Villager (Male) |
| 1:47 | Build | Settlement |
| 2:02 | Create | Villager (Male) |
| 2:25 | Create | Villager (Male) |
| 2:48 | Create | Villager (Male) |
| 3:05 | Create | Villager (Male) |
| 3:42 | Create | Villager (Male) |
| 4:01 | Build | House |
| 4:14 | Create | Villager (Male) |
| 4:44 | Create | Villager (Male) |
| 4:45 | Create | Villager (Male) |
| 4:50 | Build | House |
| 4:51 | Build | House |
| 5:38 | Create | Villager (Male) |
| 5:58 | Create | Villager (Male) |
| 6:15 | Create | Villager (Male) |
| 6:26 | Build | Settlement |
| 6:31 | Create | Villager (Male) |
| 6:51 | Create | Villager (Male) |
| 7:06 | Create | Villager (Male) |
| 7:26 | Create | Villager (Male) |
| 8:19 | Build | Palisade Wall |
| 8:24 | Build | Palisade Gate |
| 8:28 | Create | Villager (Male) |
| 8:50 | Research | Feudal Age |
| 8:53 | Research | Loom |
| 10:12 | Build | Barracks |
| 10:16 | Create | Villager (Male) |
| 11:03 | Build | Farm |
| 11:08 | Age | Feudal Age |
| 11:09 | Create | Villager (Male) |
| 11:18 | Build | Market |
| 11:39 | Build | Blacksmith |
| 11:55 | Create | Villager (Male) |
| 12:38 | Create | Villager (Male) |
| 13:42 | Research | Castle Age |
| 14:23 | Research | Double-Bit Axe |
| 14:39 | Research | Horse Collar |
| 14:43 | Build | Farm |
| 14:44 | Build | Farm |
| 14:45 | Build | Farm |
| 14:46 | Build | Farm |
| 14:49 | Build | Farm |
| 15:35 | Build | Farm |
| 15:38 | Build | Farm |
| 15:46 | Build | Farm |
| 15:58 | Create | Villager (Male) |
| 15:58 | Create | Villager (Male) |
| 16:16 | Create | Spearman |
| 16:22 | Age | Castle Age |
| 16:34 | Build | Town Center |
| 17:17 | Create | Unit 2586 |
| 17:23 | Create | Unit 2586 |
| 17:24 | Create | Unit 2586 |
| 17:26 | Create | Villager (Male) |
| 17:40 | Build | Monastery |
| 17:54 | Research | Scale Mail Armor |
| 18:05 | Create | Villager (Male) |
| 18:06 | Create | Villager (Male) |
| 18:23 | Create | Unit 2586 |
| 18:36 | Create | Monk |
| 18:45 | Create | Unit 2586 |
| 18:45 | Create | Villager (Male) |
| 18:50 | Build | Farm |
| 18:53 | Create | Villager (Male) |
| 19:25 | Build | Farm |
| 20:01 | Create | Villager (Male) |
| 20:02 | Create | Villager (Male) |
| 20:17 | Create | Monk |
| 20:42 | Create | Monk |
| 20:47 | Build | Monastery |
| 20:56 | Research | Squires |
| 21:15 | Research | Redemption |
| 21:20 | Create | Villager (Male) |
| 21:21 | Create | Villager (Male) |
| 21:24 | Build | Farm |
| 21:35 | Create | Monk |
| 21:44 | Build | House |
| 21:45 | Build | House |
| 21:45 | Build | House |
| 21:45 | Build | House |
| 21:45 | Build | House |
| 21:46 | Build | House |
| 22:23 | Create | Unit 2586 |
| 22:42 | Create | Unit 2586 |
| 22:52 | Research | Sanctity |
| 22:54 | Create | Villager (Male) |
| 22:55 | Create | Villager (Male) |
| 23:16 | Create | Unit 2586 |
| 23:19 | Research | Chain Mail Armor |
| 23:21 | Research | Forging |
| 23:25 | Create | Villager (Male) |
| 23:26 | Create | Villager (Male) |
| 23:31 | Build | Farm |
| 23:36 | Create | Villager (Male) |
| 23:36 | Create | Villager (Male) |
| 23:44 | Create | Villager (Male) |
| 23:46 | Create | Monk |
| 23:48 | Create | Monk |
| 23:51 | Create | Unit 2586 |
| 24:21 | Build | Farm |
| 24:26 | Research | Fervor |
| 24:36 | Create | Unit 2586 |
| 24:36 | Create | Unit 2586 |
| 25:21 | Create | Villager (Male) |
| 25:22 | Create | Villager (Male) |
| 25:22 | Create | Villager (Male) |
| 25:23 | Create | Villager (Male) |
| 25:56 | Build | Barracks |
| 25:59 | Build | Barracks |
| 26:01 | Build | Barracks |
| 26:04 | Create | Monk |
| 26:05 | Create | Monk |
| 26:10 | Create | Unit 2586 |
| 26:10 | Create | Unit 2586 |
| 26:10 | Create | Unit 2586 |
| 26:10 | Create | Unit 2586 |
| 26:11 | Create | Unit 2586 |
| 26:11 | Create | Unit 2586 |
| 26:14 | Build | Farm |
| 26:22 | Build | Farm |
| 26:25 | Build | Farm |
| 27:41 | Create | Villager (Male) |
| 27:41 | Create | Villager (Male) |
| 27:42 | Create | Villager (Male) |
| 27:46 | Create | Unit 2586 |
| 27:46 | Create | Unit 2586 |
| 27:46 | Create | Unit 2586 |
| 27:47 | Create | Unit 2586 |
| 27:47 | Create | Unit 2586 |
| 27:49 | Create | Monk |
| 27:50 | Create | Monk |
| 27:50 | Create | Monk |
| 27:51 | Create | Monk |
| 28:19 | Create | Villager (Male) |
| 28:20 | Create | Villager (Male) |
| 28:27 | Create | Unit 2586 |
| 28:27 | Create | Unit 2586 |
| 28:28 | Create | Unit 2586 |
| 28:34 | Build | House |
| 28:35 | Build | House |
| 28:35 | Build | House |
| 28:36 | Build | House |
| 28:36 | Build | House |
Build order — MorikawaKouichi
First 150 of 638 actions detected
| 0:01 | Create | Villager (Male) |
| 0:01 | Create | Villager (Male) |
| 0:03 | Build | House |
| 0:05 | Build | House |
| 0:14 | Create | Villager (Male) |
| 0:14 | Create | Villager (Male) |
| 0:14 | Create | Villager (Male) |
| 1:25 | Create | Villager (Male) |
| 1:26 | Create | Villager (Male) |
| 2:02 | Create | Villager (Male) |
| 2:02 | Create | Villager (Male) |
| 2:22 | Build | Mill |
| 2:26 | Create | Villager (Male) |
| 2:27 | Create | Villager (Male) |
| 2:58 | Create | Villager (Male) |
| 2:59 | Create | Villager (Male) |
| 3:05 | Build | House |
| 3:14 | Create | Villager (Male) |
| 3:33 | Create | Villager (Male) |
| 3:34 | Create | Villager (Male) |
| 3:43 | Build | House |
| 4:11 | Create | Villager (Male) |
| 4:11 | Create | Villager (Male) |
| 5:01 | Create | Villager (Male) |
| 5:14 | Create | Villager (Male) |
| 5:20 | Create | Villager (Male) |
| 5:44 | Create | Villager (Male) |
| 6:44 | Create | Villager (Male) |
| 7:09 | Create | Villager (Male) |
| 7:22 | Create | Villager (Male) |
| 8:06 | Build | Lumber Camp |
| 8:11 | Create | Villager (Male) |
| 8:11 | Create | Villager (Male) |
| 8:33 | Build | Mining Camp |
| 8:38 | Research | Feudal Age |
| 8:38 | Research | Feudal Age |
| 9:14 | Build | House |
| 9:19 | Build | Mill |
| 9:47 | Create | Villager (Male) |
| 9:55 | Build | Palisade Wall |
| 9:58 | Build | Palisade Wall |
| 9:58 | Build | Palisade Wall |
| 9:59 | Build | Palisade Wall |
| 10:01 | Build | Palisade Gate |
| 10:07 | Build | Palisade Wall |
| 10:30 | Create | Villager (Male) |
| 10:48 | Age | Feudal Age |
| 11:32 | Build | Blacksmith |
| 11:37 | Build | Market |
| 11:41 | Create | Villager (Male) |
| 11:41 | Create | Villager (Male) |
| 12:24 | Create | Villager (Male) |
| 12:56 | Research | Castle Age |
| 12:56 | Research | Castle Age |
| 13:08 | Create | Villager (Male) |
| 13:15 | Build | Mining Camp |
| 13:24 | Research | Double-Bit Axe |
| 13:24 | Research | Double-Bit Axe |
| 14:19 | Build | House |
| 14:32 | Research | Loom |
| 14:33 | Create | Villager (Male) |
| 15:36 | Age | Castle Age |
| 16:14 | Build | Castle |
| 16:18 | Build | House |
| 16:22 | Build | House |
| 16:27 | Build | Palisade Wall |
| 16:29 | Build | Palisade Gate |
| 16:33 | Build | Palisade Wall |
| 16:40 | Create | Villager (Male) |
| 16:40 | Create | Villager (Male) |
| 16:53 | Create | Villager (Male) |
| 16:56 | Research | Wheelbarrow |
| 16:57 | Create | Villager (Male) |
| 17:01 | Build | Town Center |
| 17:18 | Create | Villager (Male) |
| 17:51 | Create | Hussite Wagon |
| 17:52 | Create | Hussite Wagon ×2 |
| 17:52 | Create | Hussite Wagon ×2 |
| 17:55 | Create | Villager (Male) |
| 18:06 | Create | Villager (Male) |
| 18:06 | Create | Villager (Male) |
| 18:13 | Build | Farm |
| 18:13 | Build | Farm |
| 18:13 | Build | Farm |
| 18:13 | Build | Farm |
| 18:35 | Create | Hussite Wagon |
| 18:35 | Create | Hussite Wagon |
| 18:37 | Create | Villager (Male) |
| 18:37 | Create | Villager (Male) |
| 18:43 | Build | Farm |
| 19:02 | Build | Farm |
| 19:02 | Build | Farm |
| 19:03 | Build | Farm |
| 19:14 | Build | Farm |
| 19:35 | Create | Villager (Male) |
| 19:39 | Build | Farm |
| 19:39 | Build | Farm |
| 19:44 | Build | Farm |
| 19:44 | Build | Farm |
| 19:44 | Build | Farm |
| 20:14 | Create | Villager (Male) |
| 20:15 | Create | Villager (Male) |
| 20:15 | Create | Villager (Male) |
| 20:17 | Create | Villager (Male) ×3 |
| 20:17 | Create | Villager (Male) ×3 |
| 20:39 | Create | Hussite Wagon ×2 |
| 20:40 | Create | Hussite Wagon ×2 |
| 20:52 | Create | Villager (Male) |
| 20:52 | Create | Villager (Male) |
| 20:53 | Create | Hussite Wagon |
| 21:19 | Create | Villager (Male) |
| 21:22 | Build | Farm |
| 21:23 | Build | Farm |
| 21:23 | Build | Farm |
| 21:23 | Build | Farm |
| 21:23 | Build | Farm |
| 21:24 | Build | Farm |
| 21:54 | Create | Hussite Wagon |
| 21:54 | Create | Hussite Wagon |
| 21:58 | Create | Villager (Male) |
| 21:58 | Create | Villager (Male) |
| 21:58 | Create | Villager (Male) |
| 22:26 | Create | Villager (Male) |
| 22:27 | Create | Villager (Male) |
| 22:33 | Build | House |
| 22:47 | Build | Farm |
| 22:47 | Build | Farm |
| 22:56 | Build | Farm |
| 22:56 | Build | Farm |
| 22:56 | Build | Farm |
| 23:10 | Create | Villager (Male) |
| 23:11 | Create | Villager (Male) |
| 23:15 | Build | Farm |
| 23:15 | Build | Farm |
| 23:15 | Build | Farm |
| 23:16 | Build | Farm |
| 23:16 | Build | Farm |
| 23:16 | Build | Farm |
| 23:16 | Build | Farm |
| 23:22 | Create | Villager (Male) |
| 23:37 | Create | Villager (Male) |
| 24:24 | Create | Villager (Male) |
| 24:24 | Create | Villager (Male) |
| 24:24 | Create | Villager (Male) |
| 24:25 | Create | Villager (Male) |
| 24:37 | Create | Villager (Male) |
| 24:43 | Create | Hussite Wagon ×5 |
| 24:46 | Create | Villager (Male) |
| 24:50 | Build | Farm |
| 25:35 | Research | Hand Cart |
Build order — 逗你玩
First 150 of 448 actions detected
| 0:15 | Create | Villager (Male) |
| 0:15 | Create | Villager (Male) |
| 0:16 | Create | Villager (Male) |
| 0:29 | Create | Villager (Male) |
| 0:29 | Create | Villager (Male) |
| 1:23 | Create | Villager (Male) |
| 2:06 | Build | Lumber Camp |
| 2:08 | Create | Villager (Male) |
| 2:17 | Create | Villager (Male) |
| 2:18 | Create | Villager (Male) |
| 2:50 | Create | Villager (Male) |
| 3:33 | Create | Villager (Male) |
| 3:34 | Create | Villager (Male) |
| 3:50 | Create | Villager (Male) |
| 3:50 | Create | Villager (Male) |
| 4:17 | Create | Villager (Male) |
| 4:17 | Create | Villager (Male) |
| 4:18 | Create | Villager (Male) |
| 4:18 | Create | Villager (Male) |
| 4:49 | Create | Villager (Male) |
| 4:50 | Create | Villager (Male) |
| 4:55 | Create | Villager (Male) |
| 5:33 | Create | Villager (Male) |
| 5:34 | Create | Villager (Male) |
| 6:54 | Build | Mill |
| 7:02 | Build | Mining Camp |
| 7:08 | Create | Villager (Male) |
| 7:09 | Create | Villager (Male) |
| 8:46 | Create | Villager (Male) |
| 8:49 | Research | Feudal Age |
| 9:33 | Create | Villager (Male) |
| 9:33 | Create | Villager (Male) |
| 9:46 | Build | Mill |
| 10:59 | Age | Feudal Age |
| 11:14 | Build | Stone Wall |
| 11:18 | Build | Gate |
| 11:28 | Create | Villager (Male) |
| 11:35 | Build | Barracks |
| 11:46 | Research | Double-Bit Axe |
| 11:48 | Research | Horse Collar |
| 11:50 | Create | Villager (Male) |
| 11:50 | Create | Villager (Male) |
| 11:53 | Build | Farm |
| 12:37 | Build | Farm |
| 12:39 | Build | Farm |
| 12:40 | Build | Farm |
| 12:43 | Research | Loom |
| 12:44 | Create | Villager (Male) |
| 12:45 | Create | Villager (Male) |
| 13:00 | Create | Spearman |
| 13:07 | Build | Archery Range |
| 13:11 | Build | Blacksmith |
| 13:19 | Create | Villager (Male) |
| 13:19 | Create | Villager (Male) |
| 13:25 | Build | Farm |
| 13:36 | Build | Farm |
| 13:41 | Create | Villager (Male) |
| 13:42 | Create | Villager (Male) |
| 14:11 | Create | Villager (Male) |
| 14:11 | Create | Villager (Male) |
| 14:20 | Build | Farm |
| 14:26 | Build | Farm |
| 15:02 | Build | Farm |
| 15:18 | Build | Farm |
| 16:12 | Create | Villager (Male) |
| 17:11 | Research | Castle Age |
| 17:26 | Build | Archery Range |
| 17:34 | Research | Gold Mining |
| 17:48 | Create | Villager (Male) |
| 17:49 | Create | Villager (Male) |
| 18:21 | Create | Spearman |
| 18:21 | Create | Spearman |
| 18:32 | Research | Fletching |
| 18:54 | Build | Stable |
| 19:25 | Research | Padded Archer Armor |
| 19:27 | Research | Forging |
| 19:32 | Create | Villager (Male) |
| 19:32 | Create | Villager (Male) |
| 19:51 | Age | Castle Age |
| 19:55 | Research | Bow Saw |
| 20:04 | Build | Town Center |
| 20:17 | Create | Cavalry Archer ×5 |
| 20:18 | Create | Cavalry Archer ×5 |
| 20:50 | Research | Bodkin Arrow |
| 20:56 | Create | Villager (Male) ×2 |
| 21:21 | Build | Farm |
| 21:22 | Build | Farm |
| 21:25 | Build | Farm |
| 21:30 | Build | Farm |
| 21:42 | Research | Husbandry |
| 22:06 | Create | Villager (Male) ×2 |
| 22:10 | Build | Farm |
| 22:27 | Create | Villager (Male) ×2 |
| 22:27 | Create | Villager (Male) ×2 |
| 22:41 | Build | Mining Camp |
| 23:03 | Research | Leather Archer Armor |
| 23:05 | Create | Villager (Male) |
| 23:05 | Create | Villager (Male) ×2 |
| 23:05 | Create | Villager (Male) |
| 27:00 | Create | Villager (Male) ×5 |
| 27:04 | Build | Town Center |
| 27:20 | Build | Siege Workshop |
| 27:24 | Build | University |
| 27:44 | Build | Farm |
| 27:45 | Build | Farm |
| 27:46 | Build | Farm |
| 27:48 | Build | Farm |
| 27:52 | Build | Farm |
| 27:54 | Build | Farm |
| 27:59 | Build | Farm |
| 28:00 | Create | Villager (Male) ×5 |
| 28:38 | Build | Town Center |
| 28:44 | Research | Imperial Age |
| 28:46 | Build | Farm |
| 28:46 | Build | Farm |
| 28:50 | Create | Villager (Male) ×5 |
| 28:55 | Create | Villager (Male) ×3 |
| 29:25 | Create | Cavalry Archer ×3 |
| 29:25 | Create | Cavalry Archer ×3 |
| 29:41 | Build | Farm |
| 29:58 | Create | Villager (Male) ×5 |
| 30:14 | Research | Wheelbarrow |
| 30:15 | Create | Villager (Male) ×3 |
| 30:31 | Create | Cavalry Archer ×3 |
| 30:49 | Research | Stone Mining |
| 30:58 | Build | Farm |
| 31:15 | Create | Villager (Male) ×5 |
| 31:34 | Build | Farm |
| 31:37 | Build | Farm |
| 31:40 | Create | Villager (Male) ×4 |
| 31:49 | Create | Cavalry Archer ×5 |
| 31:58 | Age | Imperial Age |
| 31:59 | Build | Archery Range |
| 32:28 | Create | Villager (Male) ×5 |
| 32:37 | Research | Bracer |
| 32:45 | Build | University |
| 33:03 | Build | Town Center |
| 33:14 | Create | Cavalry Archer ×5 |
| 33:17 | Create | Villager (Male) ×5 |
| 33:27 | Build | Mining Camp |
| 33:41 | Research | Chemistry |
| 34:06 | Create | Cavalry Archer |
| 34:17 | Create | Villager (Male) ×5 |
| 34:23 | Build | Castle |
| 34:33 | Build | Archery Range |
| 34:34 | Build | Archery Range |
| 34:50 | Build | Mining Camp |
| 34:54 | Create | Villager (Male) ×5 |
| 34:59 | Build | Farm |
| 35:01 | Build | Farm |
Build order — obamama
First 150 of 619 actions detected
| 0:01 | Create | Villager (Male) |
| 0:01 | Create | Villager (Male) |
| 0:02 | Create | Villager (Male) |
| 0:02 | Build | House |
| 0:04 | Build | House |
| 0:05 | Build | House |
| 0:06 | Create | Villager (Male) |
| 0:06 | Create | Villager (Male) |
| 0:06 | Create | Villager (Male) |
| 1:38 | Create | Villager (Male) |
| 1:39 | Create | Villager (Male) |
| 2:42 | Create | Villager (Male) |
| 2:42 | Create | Villager (Male) |
| 3:43 | Create | Villager (Male) |
| 3:44 | Create | Villager (Male) |
| 3:44 | Create | Villager (Male) |
| 3:44 | Create | Villager (Male) |
| 3:58 | Create | Villager (Male) |
| 3:58 | Create | Villager (Male) |
| 4:23 | Build | Mill |
| 4:52 | Create | Villager (Male) |
| 4:52 | Create | Villager (Male) |
| 5:03 | Build | House |
| 5:12 | Build | Palisade Wall |
| 5:59 | Create | Villager (Male) |
| 6:00 | Create | Villager (Male) |
| 6:00 | Create | Villager (Male) |
| 6:00 | Create | Villager (Male) |
| 6:00 | Create | Villager (Male) |
| 6:30 | Build | Lumber Camp |
| 6:33 | Create | Villager (Male) |
| 7:05 | Create | Villager (Male) |
| 7:44 | Build | Mining Camp |
| 8:19 | Research | Feudal Age |
| 9:10 | Build | Barracks |
| 9:28 | Build | House |
| 10:34 | Age | Feudal Age |
| 10:37 | Create | Villager (Male) |
| 10:37 | Create | Villager (Male) |
| 10:38 | Create | Villager (Male) |
| 10:38 | Create | Villager (Male) |
| 11:16 | Create | Villager (Male) |
| 11:16 | Create | Villager (Male) |
| 11:16 | Create | Villager (Male) |
| 11:30 | Build | Farm |
| 12:06 | Build | Blacksmith |
| 12:30 | Create | Spearman |
| 12:34 | Build | Farm |
| 12:34 | Build | Farm |
| 12:35 | Build | Farm |
| 12:38 | Build | Farm |
| 12:40 | Build | Farm |
| 12:53 | Build | Farm |
| 13:20 | Build | Stable |
| 14:17 | Build | Palisade Wall |
| 14:50 | Build | Farm |
| 15:20 | Research | Castle Age |
| 15:28 | Research | Double-Bit Axe |
| 15:29 | Research | Horse Collar |
| 15:54 | Research | Gold Mining |
| 15:54 | Research | Gold Mining |
| 16:02 | Build | House |
| 16:05 | Build | House |
| 16:18 | Build | House |
| 17:44 | Research | Loom |
| 17:46 | Create | Villager (Male) |
| 17:46 | Create | Villager (Male) |
| 17:46 | Create | Villager (Male) |
| 17:46 | Create | Villager (Male) |
| 18:00 | Age | Castle Age |
| 18:12 | Build | Town Center |
| 18:27 | Create | Knight |
| 18:37 | Build | Monastery |
| 18:54 | Create | Knight |
| 19:00 | Research | Forging |
| 19:04 | Build | Farm |
| 19:05 | Create | Villager (Male) |
| 19:10 | Build | Town Center |
| 19:19 | Create | Monk |
| 19:55 | Build | Farm |
| 19:56 | Build | Farm |
| 19:57 | Create | Villager (Male) |
| 19:58 | Create | Villager (Male) |
| 20:38 | Create | Monk |
| 21:05 | Create | Villager (Male) |
| 21:05 | Create | Villager (Male) |
| 21:06 | Create | Villager (Male) |
| 21:06 | Create | Villager (Male) |
| 21:07 | Create | Villager (Male) |
| 21:07 | Create | Villager (Male) |
| 21:07 | Create | Villager (Male) |
| 21:08 | Create | Villager (Male) |
| 21:08 | Create | Villager (Male) |
| 21:08 | Create | Villager (Male) |
| 21:08 | Create | Villager (Male) |
| 21:09 | Create | Villager (Male) |
| 21:09 | Create | Villager (Male) |
| 21:23 | Create | Knight |
| 21:57 | Create | Knight |
| 22:02 | Research | Scale Barding Armor |
| 22:07 | Build | Farm |
| 22:08 | Research | Heavy Plow |
| 22:13 | Build | Lumber Camp |
| 22:52 | Create | Knight |
| 22:53 | Create | Knight |
| 23:00 | Research | Bloodlines |
| 23:05 | Create | Villager (Male) |
| 23:13 | Build | Farm |
| 23:14 | Build | Farm |
| 23:15 | Build | Farm |
| 23:15 | Build | Farm |
| 23:16 | Build | Farm |
| 23:17 | Build | Farm |
| 23:18 | Build | Farm |
| 23:34 | Create | Knight |
| 23:34 | Create | Knight |
| 25:15 | Create | Knight |
| 25:15 | Create | Knight |
| 25:16 | Research | Husbandry |
| 25:20 | Create | Villager (Male) |
| 25:20 | Create | Villager (Male) |
| 25:20 | Create | Villager (Male) |
| 25:24 | Build | Stable |
| 25:24 | Build | Stable |
| 25:32 | Build | Farm |
| 25:42 | Build | House |
| 25:43 | Build | House |
| 25:43 | Build | House |
| 25:43 | Build | House |
| 25:43 | Build | House |
| 25:46 | Build | House |
| 26:39 | Build | Barracks |
| 26:46 | Research | Pikeman (upgrade) |
| 26:49 | Create | Villager (Male) |
| 26:49 | Create | Villager (Male) |
| 26:51 | Research | Wheelbarrow |
| 27:13 | Build | Town Center |
| 27:38 | Create | Knight |
| 27:38 | Create | Knight |
| 27:39 | Create | Knight |
| 27:49 | Research | Iron Casting |
| 27:52 | Research | Scale Mail Armor |
| 28:25 | Create | Villager (Male) |
| 28:25 | Create | Villager (Male) |
| 28:25 | Create | Villager (Male) |
| 28:37 | Create | Villager (Male) |
| 28:38 | Create | Villager (Male) |
| 28:38 | Create | Villager (Male) |
| 28:42 | Build | Farm |
| 28:46 | Build | Farm |
Build order — wang_03
First 150 of 757 actions detected
| 0:03 | Create | Villager (Male) |
| 0:04 | Create | Villager (Male) |
| 0:05 | Build | House |
| 0:07 | Build | House |
| 0:24 | Create | Villager (Male) |
| 0:25 | Create | Villager (Male) |
| 0:25 | Create | Villager (Male) |
| 1:17 | Build | House |
| 1:20 | Build | House |
| 1:36 | Create | Villager (Male) |
| 1:36 | Create | Villager (Male) |
| 1:37 | Create | Villager (Male) |
| 2:05 | Create | Villager (Male) |
| 2:06 | Create | Villager (Male) |
| 2:06 | Create | Villager (Male) |
| 2:06 | Create | Villager (Male) |
| 2:06 | Create | Villager (Male) |
| 2:25 | Build | Palisade Wall |
| 2:29 | Build | Palisade Wall |
| 2:30 | Build | Palisade Wall |
| 2:31 | Build | Palisade Gate |
| 2:40 | Create | Villager (Male) |
| 2:41 | Create | Villager (Male) |
| 2:41 | Create | Villager (Male) |
| 2:55 | Create | Villager (Male) |
| 2:55 | Create | Villager (Male) |
| 2:56 | Create | Villager (Male) |
| 3:29 | Create | Villager (Male) |
| 3:29 | Create | Villager (Male) |
| 3:29 | Create | Villager (Male) |
| 4:00 | Create | Villager (Male) |
| 4:00 | Create | Villager (Male) |
| 4:01 | Create | Villager (Male) |
| 4:26 | Create | Villager (Male) |
| 4:26 | Create | Villager (Male) |
| 4:26 | Create | Villager (Male) |
| 4:27 | Create | Villager (Male) |
| 4:46 | Create | Villager (Male) |
| 4:46 | Create | Villager (Male) |
| 4:46 | Create | Villager (Male) |
| 4:47 | Create | Villager (Male) |
| 4:47 | Create | Villager (Male) |
| 4:57 | Build | Lumber Camp |
| 5:25 | Create | Villager (Male) |
| 5:25 | Create | Villager (Male) |
| 5:26 | Create | Villager (Male) |
| 6:00 | Create | Villager (Male) |
| 6:04 | Create | Villager (Male) |
| 6:04 | Create | Villager (Male) |
| 6:04 | Create | Villager (Male) |
| 6:10 | Build | Mill |
| 6:32 | Create | Villager (Male) |
| 6:32 | Create | Villager (Male) |
| 6:33 | Create | Villager (Male) |
| 7:09 | Create | Villager (Male) |
| 7:10 | Create | Villager (Male) |
| 7:36 | Create | Villager (Male) |
| 7:41 | Build | Mining Camp |
| 8:40 | Research | Feudal Age |
| 8:51 | Build | Farm |
| 9:02 | Build | Farm |
| 10:09 | Build | House |
| 10:16 | Build | House |
| 10:32 | Create | Villager (Male) |
| 10:58 | Build | House |
| 11:11 | Age | Feudal Age |
| 11:18 | Build | Market |
| 11:22 | Create | Villager (Male) |
| 11:30 | Build | Blacksmith |
| 11:35 | Create | Villager (Male) |
| 11:38 | Create | Villager (Male) |
| 11:42 | Build | Farm |
| 11:43 | Build | Farm |
| 11:55 | Create | Villager (Male) |
| 12:06 | Build | Farm |
| 12:09 | Build | Farm |
| 12:36 | Build | Farm |
| 13:20 | Research | Loom |
| 13:25 | Build | Farm |
| 13:57 | Research | Castle Age |
| 13:57 | Research | Castle Age |
| 14:05 | Build | House |
| 14:29 | Build | Mining Camp |
| 14:33 | Research | Stone Mining |
| 14:41 | Research | Double-Bit Axe |
| 15:08 | Create | Villager (Male) |
| 15:09 | Create | Villager (Male) |
| 15:29 | Build | Barracks |
| 15:35 | Research | Horse Collar |
| 15:39 | Create | Villager (Male) |
| 15:40 | Create | Villager (Male) |
| 16:32 | Research | Stone Mining |
| 16:37 | Age | Castle Age |
| 16:43 | Create | Villager (Male) |
| 17:01 | Build | Krepost |
| 17:07 | Create | Villager (Male) |
| 18:00 | Create | Villager (Male) |
| 18:00 | Create | Villager (Male) |
| 18:29 | Create | Villager (Male) |
| 18:30 | Create | Villager (Male) |
| 18:45 | Create | Villager (Male) |
| 18:52 | Build | Stable |
| 18:59 | Create | Villager (Male) |
| 19:02 | Build | Town Center |
| 19:26 | Create | Villager (Male) |
| 19:27 | Create | Villager (Male) |
| 19:44 | Create | Knight |
| 20:01 | Create | Knight |
| 20:11 | Create | Knight |
| 20:20 | Create | Villager (Male) |
| 20:24 | Create | Villager (Male) |
| 20:24 | Create | Villager (Male) |
| 20:25 | Create | Villager (Male) |
| 21:00 | Create | Villager (Male) |
| 21:02 | Build | Farm |
| 21:15 | Build | Krepost |
| 21:18 | Build | House |
| 21:27 | Build | Farm |
| 21:27 | Build | Farm |
| 21:28 | Create | Villager (Male) |
| 21:33 | Build | Farm |
| 21:35 | Create | Villager (Male) |
| 21:52 | Create | Villager (Male) |
| 21:54 | Create | Villager (Male) |
| 22:01 | Build | Mining Camp |
| 22:07 | Create | Villager (Male) |
| 22:21 | Create | Villager (Male) |
| 22:21 | Create | Villager (Male) |
| 22:31 | Build | Siege Workshop |
| 22:39 | Build | Farm |
| 22:40 | Build | Farm |
| 22:41 | Create | Villager (Male) |
| 22:42 | Create | Villager (Male) |
| 22:55 | Create | Villager (Male) |
| 22:56 | Create | Villager (Male) |
| 22:56 | Create | Villager (Male) |
| 23:06 | Create | Villager (Male) |
| 23:28 | Build | Monastery |
| 23:32 | Build | Farm |
| 23:34 | Create | Villager (Male) |
| 23:39 | Create | Villager (Male) |
| 23:40 | Create | Villager (Male) |
| 23:41 | Create | Villager (Male) |
| 23:42 | Create | Villager (Male) |
| 23:42 | Create | Villager (Male) |
| 23:44 | Build | Farm |
| 23:44 | Build | Farm |
| 23:45 | Build | Farm |
| 23:45 | Build | Farm |
| 24:03 | Create | Monk |
Match timeline
| 2:25 | wang_03 · wall_segment Palisade Wall x1 |
| 2:29 | wang_03 · wall_segment Palisade Wall x3 |
| 2:30 | wang_03 · wall_segment Palisade Wall x5 |
| 3:34 | rattan archer · wall_segment Palisade Wall x5 |
| 5:04 | Lil' Bị · wall_segment Palisade Wall x4 |
| 5:06 | Lil' Bị · wall_segment Palisade Wall x7 |
| 5:12 | obamama · wall_segment Palisade Wall x14 |
| 5:14 | Skeu · wall_segment Palisade Wall x14 |
| 6:02 | Lil' Bị · wall_segment Palisade Wall x6 |
| 7:30 | Skeu · wall_segment Palisade Wall x7 |
| 8:10 | rattan archer · first_building Barracks |
| 8:19 | Shmug · wall_segment Palisade Wall x3 |
| 9:10 | obamama · first_building Barracks |
| 9:21 | rattan archer · age_up feudal |
| 9:32 | Skeu · first_building Barracks |
| 9:34 | rattan archer · first_building Stable |
| 9:55 | MorikawaKouichi · wall_segment Palisade Wall x1 |
| 9:58 | MorikawaKouichi · wall_segment Palisade Wall x1 |
| 9:58 | MorikawaKouichi · wall_segment Palisade Wall x1 |
| 9:59 | MorikawaKouichi · wall_segment Palisade Wall x1 |
| 10:07 | MorikawaKouichi · wall_segment Palisade Wall x5 |
| 10:12 | Shmug · first_building Barracks |
| 10:15 | Lil' Bị · wall_segment Palisade Wall x1 |
| 10:34 | obamama · age_up feudal |
| 10:48 | MorikawaKouichi · age_up feudal |
| 10:56 | Lil' Bị · age_up feudal |
| 10:59 | 逗你玩 · age_up feudal |
| 11:04 | Lil' Bị · first_building Barracks |
| 11:08 | Shmug · age_up feudal |
| 11:11 | wang_03 · age_up feudal |
| 11:14 | 逗你玩 · wall_segment Stone Wall x13 |
| 11:20 | Skeu · age_up feudal |
| 11:35 | 逗你玩 · first_building Barracks |
| 12:17 | Skeu · first_building Stable |
| 12:35 | Lil' Bị · first_building Archery Range |
| 13:07 | 逗你玩 · first_building Archery Range |
| 13:12 | Shmug · first_market_buy 100 food |
| 13:20 | obamama · first_building Stable |
| 13:37 | rattan archer · first_building Archery Range |
| 13:39 | Shmug · first_market_sell 100 wood |
| 14:17 | obamama · wall_segment Palisade Wall x2 |
| 15:29 | wang_03 · first_building Barracks |
| 15:36 | MorikawaKouichi · age_up castle |
| 16:09 | Lil' Bị · wall_segment Palisade Wall x1 |
| 16:14 | MorikawaKouichi · first_building Castle |
| 16:22 | Shmug · age_up castle |
| 16:27 | MorikawaKouichi · wall_segment Palisade Wall x3 |
| 16:33 | MorikawaKouichi · wall_segment Palisade Wall x3 |
| 16:37 | wang_03 · age_up castle |
| 17:01 | wang_03 · first_building Krepost |
| 17:40 | Shmug · first_building Monastery |
| 18:00 | obamama · age_up castle |
| 18:37 | obamama · first_building Monastery |
| 18:52 | wang_03 · first_building Stable |
| 18:54 | 逗你玩 · first_building Stable |
| 19:08 | Skeu · age_up castle |
| 19:51 | 逗你玩 · age_up castle |
| 20:54 | Lil' Bị · age_up castle |
| 20:58 | Lil' Bị · first_building Monastery |
| 21:04 | Lil' Bị · wall_segment Palisade Wall x1 |
| 21:06 | Lil' Bị · wall_segment Palisade Wall x1 |
| 21:07 | Lil' Bị · wall_segment Palisade Wall x1 |
| 21:22 | rattan archer · wall_segment Stone Wall x14 |
| 22:08 | Skeu · wall_segment Palisade Wall x1 |
| 22:18 | rattan archer · age_up castle |
| 22:23 | Lil' Bị · first_building Siege Workshop |
| 22:31 | wang_03 · first_building Siege Workshop |
| 22:36 | rattan archer · first_market_sell 100 food |
| 22:37 | rattan archer · first_market_buy 100 wood |
| 23:28 | wang_03 · first_building Monastery |
| 26:04 | rattan archer · first_building Castle |
| 26:45 | MorikawaKouichi · first_building Barracks |
| 27:20 | 逗你玩 · first_building Siege Workshop |
| 27:24 | rattan archer · first_building Monastery |
| 27:47 | wang_03 · first_building Castle |
| 28:23 | MorikawaKouichi · wall_segment Stone Wall x1 |
| 28:27 | MorikawaKouichi · wall_segment Stone Wall x5 |
| 28:32 | MorikawaKouichi · wall_segment Stone Wall x5 |
| 30:01 | obamama · wall_segment Stone Wall x2 |
| 30:12 | rattan archer · wall_segment Stone Wall x8 |
| 31:20 | Lil' Bị · wall_segment Stone Wall x1 |
| 31:58 | 逗你玩 · age_up imperial |
| 32:10 | obamama · first_building Castle |
| 32:59 | Skeu · first_building Siege Workshop |
| 33:30 | Lil' Bị · age_up imperial |
| 33:48 | MorikawaKouichi · age_up imperial |
| 34:21 | Shmug · first_building Castle |
| 34:23 | 逗你玩 · first_building Castle |
| 34:24 | Lil' Bị · first_building Castle |
| 35:26 | wang_03 · first_market_sell 100 wood |
| 35:27 | wang_03 · first_market_buy 100 food |
| 36:21 | Shmug · age_up imperial |
| 36:50 | rattan archer · age_up imperial |
| 37:33 | MorikawaKouichi · wall_segment Stone Wall x5 |
| 37:34 | Skeu · age_up imperial |
| 37:34 | MorikawaKouichi · wall_segment Stone Wall x6 |
| 37:35 | MorikawaKouichi · wall_segment Stone Wall x5 |
| 37:36 | MorikawaKouichi · wall_segment Stone Wall x2 |
| 37:40 | MorikawaKouichi · wall_segment Stone Wall x5 |
| 37:42 | MorikawaKouichi · wall_segment Stone Wall x6 |
| 37:49 | MorikawaKouichi · wall_segment Stone Wall x4 |
| 38:15 | Skeu · first_market_sell 500 food |
| 38:45 | wang_03 · age_up imperial |
| 40:19 | Skeu · first_building Archery Range |
| 40:36 | Skeu · first_building Castle |
| 41:43 | Lil' Bị · first_market_buy 100 stone |
| 45:43 | wang_03 · wall_segment Stone Wall x4 |
| 46:06 | MorikawaKouichi · first_building Archery Range |
| 47:12 | obamama · age_up imperial |
| 50:02 | obamama · first_market_sell 100 wood |
| 50:59 | Shmug · first_building Archery Range |
| 54:35 | MorikawaKouichi · first_market_sell 500 wood |
| 54:50 | rattan archer · wall_segment Stone Wall x22 |
| 56:28 | rattan archer · first_building Siege Workshop |
| 58:04 | obamama · first_building Archery Range |
| 65:01 | obamama · wall_segment Stone Wall x5 |
| 65:30 | Lil' Bị · first_market_sell 500 food |
| 65:37 | Skeu · first_market_buy 100 stone |
| 70:09 | wang_03 · first_building Archery Range |
| 72:12 | Skeu · resign |
[ AI ANALYSIS · 1 CREDIT ]
What really happened in this match?
Wolo.gg analyzes every decision: build order, eco, micro, common mistakes by bracket. Personalized analysis on WhatsApp or Discord in 30 seconds.
Civ guide
Burgundians
Perfil
Jugador #1733583